 Dungeon Crawl Stone Soup version 0.16.0-17-g811c1d7 (webtiles) character file.

92 inmateoo the Sneak (level 4, -3/28 HPs)
             Began as a Halfling Enchanter on Mar 21, 2015.
             Killed from afar by an orc wizard (4 damage)
             ... with a puff of frost
             ... on level 3 of the Dungeon.
             The game lasted 00:02:49 (2258 turns).

inmateoo the Sneak (Halfling Enchanter)             Turns: 2258, Time: 00:02:49

Health: -3/28      AC:  5    Str:  8    XL:     4   Next: 90%
Magic:  7/7        EV: 15    Int: 14    God:
Gold:   165        SH:  0    Dex: 15    Spells: 3 memorised, 2 levels left

rFire  . . .     SeeInvis .     a - +1 dagger
rCold  . . .     Clarity  .     b - +1 robe
rNeg   . . .     SustAb   .     (no shield)
rPois  .         Gourm    .     (no helmet)
rElec  .         Spirit   .     (no cloak)
rCorr  .         Warding  .     i - +1 pair of gloves
rMut   .         Stasis   .     (no boots)
MR     .....                    (no amulet)
Stlth  +++.......               (no ring)
                                (no ring)

@: not resistant to hostile enchantments, fairly stealthy
A: mutation resistance 1
a: no special abilities


You were on level 3 of the Dungeon.
You were very hungry.

You visited 1 branch of the dungeon, and saw 3 of its levels.

You collected 165 gold pieces.

Inventory:

Hand weapons
 a - a +1 dagger (weapon)
Armour
 b - a +1 robe (worn)
 i - a +1 pair of gloves (worn)
Scrolls
 l - a scroll of blinking
 n - 2 scrolls of fog
Potions
 e - 2 potions of restore abilities
 f - a potion of ambrosia {unknown}
 h - 2 potions of flight {unknown}
 j - a potion of cancellation {unknown}
 k - a potion of agility {unknown}
 m - a potion of curing {unknown}
Books
 c - a book of Maledictions

   Spells                             Type                      Level
   a - Corona                         Hexes                        1
   b - Sure Blade                     Hexes/Charms                 2
   c - Ensorcelled Hibernation        Hexes/Ice                    2
   d - Confuse                        Hexes                        3
   e - Dazzling Spray                 Conjuration/Hexes            3
   f - Enslavement                    Hexes                        4
Comestibles
 d - 3 bread rations
 g - 4 fruits


   Skills:
 + Level 1.3 Fighting
 * Level 3.2 Short Blades
 + Level 2.4 Dodging
 + Level 3.8 Stealth
 + Level 2.0 Spellcasting
 + Level 3.0 Hexes


You had 2 spell levels left.
You knew the following spells:

 Your Spells              Type           Power        Failure   Level  Hunger
a - Corona                Hex            #......      10%         1    ##.....
b - Ensorcelled Hibernat  Hex/Ice        #.....       21%         2    ###....
c - Sure Blade            Hex/Chrm       #.........   21%         2    ###....


Dungeon Overview and Level Annotations

Branches:
Dungeon (3/15)

Altars:


Innate Abilities, Weirdness & Mutations

You are small and have problems with some larger weapons.
You are somewhat resistant to further mutation.


Message History

You see here a club.
The orc wizard gestures wildly while chanting.
The orc wizard flickers and vanishes!
Deactivating autopickup; reactivate with Ctrl-A.
An orc comes into view. It is wielding a hand axe.
You hit the orc but do no damage.
The orc is moderately wounded.
You hit the orc but do no damage.
The orc is moderately wounded.
An orc opens the door.
The orc barely misses you.
There is an open door here.
The magic dart hits you! The puff of flame hits you!
* * * LOW HITPOINT WARNING * * *
The puff of flame misses you. The puff of flame hits you!
* * * LOW HITPOINT WARNING * * *
The puff of frost hits you!
You die...

#...........#
#...........#
#....oo.....#
#..o.o......#
#...........#
#...........#
#........)..#
#)..........#
#@....).....#
#.#+###+#+#.#
#<...# .#
.............#
#
....#####...#
.s ......
#..#.# ....
..#


You could see 4 orcs.

Vanquished Creatures
  2 adders (D:2)
  6 giant geckos
  3 ball pythons
  9 hobgoblins
  7 jackals
  7 kobolds
  10 bats
  3 giant cockroaches
  7 giant newts
  11 goblins
  A quokka (D:2)
  2 rats
68 creatures vanquished.

Notes
Turn   | Place    | Note
--------------------------------------------------------------
     0 | D:1      | inmateoo, the Halfling Enchanter, began the quest for the Orb.
     0 | D:1      | Reached XP level 1. HP: 11/11 MP: 2/2
    50 | D:1      | Reached XP level 2. HP: 9/17 MP: 3/3
   644 | D:1      | Reached XP level 3. HP: 22/22 MP: 5/5
   921 | D:1      | Learned a level 2 spell: Ensorcelled Hibernation
   924 | D:1      | Learned a level 2 spell: Sure Blade
  1460 | D:2      | Reached skill level 1 in Fighting
  1574 | D:2      | Reached XP level 4. HP: 28/28 MP: 6/6
  2256 | D:3      | HP: 1/28 [something/puff of flame (6)]
  2258 | D:3      | Killed from afar by an orc wizard

Action                   |  1- 3 |  4- 6 || total
-------------------------+-------+-------++-------
Melee: Dagger            |   111 |    59 ||   170
  Use: Scroll            |     6 |       ||     6
 Stab: Sleeping          |     4 |     4 ||     8
  Eat: Chunk             |     2 |     1 ||     3
